 Dungeon Crawl Stone Soup version 0.19.0-19-g8c6edcc (webtiles) character file.

4505 Minion the Cleaver (level 10, 0/77 HPs)
             Began as a Minotaur Berserker on Nov 12, 2016.
             Was an Elder of Trog.
             Killed from afar by a hell hound (23 damage)
             ... with a blast of flame
             ... on level 9 of the Dungeon.
             The game lasted 00:20:04 (8399 turns).

Minion the Cleaver (Minotaur Berserker)             Turns: 8399, Time: 00:20:04

Health: 0/77       AC:  8    Str: 31    XL:     10   Next: 16%
Magic:  9/9        EV: 15    Int:  4    God:    Trog [****..]
Gold:   393        SH:  0    Dex: 10    Spells: 0 memorised, 9 levels left

rFire  . . .     SeeInvis .     a - +1 hand axe
rCold  + . .     Gourm    .     v - +0 scale mail
rNeg   . . .     Faith    +     (no shield)
rPois  .         Spirit   .     F - +0 hat
rElec  .         Reflect  .     (no cloak)
rCorr  .         Harm     .     (no gloves)
MR     .....                    u - +0 pair of boots
Stlth  ..........               y - amulet of faith
                                D - ring of protection from cold
                                e - +6 ring of strength

@: no status effects
A: retaliatory headbutt, horns 2
a: Berserk, Trog's Hand, Brothers in Arms, Burn Spellbooks, Renounce Religion


You were on level 9 of the Dungeon.
You worshipped Trog.
Trog was greatly pleased with you.
You were not hungry.

You visited 1 branch of the dungeon, and saw 9 of its levels.

You collected 393 gold pieces.

Inventory:

Hand Weapons
 a - a +1 hand axe (weapon)
 O - a +3 scimitar of flaming
Armour
 u - a +0 pair of boots (worn)
 v - a +0 scale mail (worn)
 F - a +0 hat (worn)
Jewellery
 e - a +6 ring of strength (left hand)
 y - an amulet of faith (around neck)
 D - a ring of protection from cold (right hand)
Wands
 q - a wand of iceblast (8/15)
 K - a wand of random effects (28/48)
 N - a wand of flame (27/48)
 P - a wand of flame (16/48)
Scrolls
 f - a scroll of immolation {unknown}
 m - 2 scrolls of magic mapping
 o - 2 scrolls of teleportation
 s - 2 scrolls of fog
 t - 5 scrolls of identify
 x - a scroll of remove curse
 z - a scroll of enchant weapon
 G - a scroll of enchant armour {unknown}
 I - 4 scrolls of blinking {unknown}
 J - a scroll of torment {unknown}
 L - a scroll of brand weapon {unknown}
Potions
 b - a potion of berserk rage
 g - 4 potions of flight
 h - 3 potions of might
 i - a potion of magic {unknown}
 k - 2 potions of brilliance
 n - a potion of invisibility
 p - 3 potions of curing {unknown}
 r - a potion of haste
 A - a potion of mutation {unknown}
 B - a potion of cure mutation {unknown}
 E - 5 potions of degeneration {unknown}
 H - a potion of ambrosia {unknown}
 M - 3 potions of heal wounds {unknown}
Books
 Q - the Papyrus of Shape Shifting and the Traveller
   (You found it on level 8 of the Dungeon)

   Spells                             Type                      Level
   a - Apportation                    Translocation                1
   b - Beastly Appendage              Transmutation                1
   c - Teleport Other                 Translocation                3
   d - Ice Form                       Ice/Transmutation            4
   e - Petrify                        Transmutation/Earth          4
   f - Dispersal                      Translocation                6
   Trog disapproves of the use of such an item.
Comestibles
 c - 3 bread rations
 d - 26 fruits
 j - 7 meat rations


   Skills:
 - Level 3.6 Fighting
 - Level 12.2 Axes
 + Level 5.0 Armour
 - Level 11.4 Dodging


You had 9 spell levels left.
You didn't know any spells.

Dungeon Overview and Level Annotations

Branches:
Dungeon (9/15)             Temple (0/1) D:5            Lair (0/6) D:9
    Orc: D:9-12

Altars:
Fedhas
Uskayaw

Shops:
D:6 :   D:7 %   D:8 [

Annotations:
D:5 2 runed doors


Innate Abilities, Weirdness & Mutations

You reflexively headbutt those who attack you in melee.
You have a pair of horns on your head.


Message History

The hell hound breathes flames at you. The blast of flame hits you!
* * * LOW HITPOINT WARNING * * *
You are too injured to fight recklessly!
You are too injured to fight recklessly!
You are too injured to fight recklessly!
You are too injured to fight recklessly!
You hit the hell hound but do no damage.
The hell hound is severely wounded.
The hell hound bites you but does no damage.
You hit the hell hound but do no damage.
You headbutt the hell hound, but do no damage.
The hell hound is severely wounded.
The hell hound closely misses you. You furiously retaliate!
You headbutt the hell hound! You barely miss the hell hound.
Your headbutt misses the hell hound.
The hell hound is almost dead.
The hell hound breathes flames at you. The blast of flame hits you!
You die...

...... .... #...
#..########
#..#.......
#..#.......
#..'....... .
##########..######'#
..
............@h......
.#
#......######..§§§.
.# #......#....#
§§.≈§ .#
#......#....# §≈..
.# #......'....+ ≈§>
.#####......#....#
§.
............######.
§
.########..........
.# ###........


You could see a hell hound.

Vanquished Creatures
  Erica (D:8)
  The ghost of gitgud34 the Slasher, an amateur MiFi (D:4)
  Prince Ribbit (D:5)
  A hippogriff (D:7)
  3 hungry ghosts
  A hell hound (D:9)
  Duvessa (D:4)
  An orc warrior (D:7)
  An ice beast (D:5)
  A hornet zombie (D:8)
  3 sky beasts
  3 ogres
  2 phantoms
  4 centaurs
  A bullfrog (D:8)
  2 big kobolds
  Dowan (D:4)
  A water moccasin skeleton (D:7)
  A scorpion (D:4)
  3 wights (D:8)
  2 howler monkeys (D:6)
  2 crimson imps
  A bullfrog zombie (D:8)
  3 jellies
  2 orc priests
  2 hounds
  An orc wizard (D:3)
  A centaur skeleton (D:8)
  Jessica (D:2)
  A bullfrog skeleton (D:7)
  An iguana (D:6)
  4 worker ants
  A hound skeleton (D:4)
  4 gnolls (D:3)
  7 adders
  A howler monkey skeleton (D:6)
  2 shadow imps (D:8)
  2 adder zombies (D:5)
  An adder skeleton (D:7)
  A dart slug (D:2)
  6 leopard geckos
  25 orcs
  4 ball pythons
  5 giant cockroaches
  7 goblins
  13 hobgoblins
  4 jackals (D:3)
  6 quokkas
  4 bats
  3 frilled lizards
  12 kobolds
  A leopard gecko skeleton (D:4)
  4 rats
167 creatures vanquished.

Vanquished Creatures (collateral kills)
  A hippogriff (D:8)
1 creature vanquished.

Vanquished Creatures (others)
  An orc priest (D:8)
1 creature vanquished.

Grand Total: 169 creatures vanquished

Notes
Turn   | Place    | Note
-------+----------+-------------------------------------------
     0 | D:1      | Minion the Minotaur Berserker began the quest for the Orb.
     0 | D:1      | Reached XP level 1. HP: 19/19 MP: 0/0
   254 | D:1      | Reached skill level 4 in Axes
   313 | D:1      | Reached XP level 2. HP: 10/26 MP: 1/1
  1259 | D:2      | Reached skill level 5 in Axes
  1409 | D:2      | Reached XP level 3. HP: 16/31 MP: 2/2
  1414 | D:2      | Reached ** piety under Trog
  1436 | D:2      | HP: 2/46 [poisoned by an adder]
  1444 | D:2      | HP: 1/46 [poisoned by an adder]
  1840 | D:2      | Noticed Jessica
  1847 | D:2      | Killed Jessica
  1847 | D:2      | Reached skill level 6 in Axes
  1847 | D:2      | Reached XP level 4. HP: 27/39 MP: 3/3
  2186 | D:3      | Reached XP level 5. HP: 14/45 MP: 4/4
  2707 | D:3      | Reached skill level 7 in Axes
  3169 | D:4      | Noticed Dowan
  3170 | D:4      | Noticed Duvessa
  3178 | D:4      | Killed Duvessa
  3178 | D:4      | Reached skill level 8 in Axes
  3178 | D:4      | Reached XP level 6. HP: 38/51 MP: 5/5
  3189 | D:4      | Killed Dowan
  3333 | D:4      | Reached *** piety under Trog
  3348 | D:4      | Reached skill level 9 in Axes
  3426 | D:4      | Noticed gitgud34's ghost (amateur MiFi)
  3435 | D:4      | Killed gitgud34's ghost
  3435 | D:4      | Reached skill level 10 in Axes
  3435 | D:4      | Reached XP level 7. HP: 57/57 MP: 6/6
  4066 | D:5      | Entered Level 5 of the Dungeon
  4068 | D:5      | Noticed Prince Ribbit
  4083 | D:5      | Killed Prince Ribbit
  4083 | D:5      | Reached skill level 11 in Axes
  4224 | D:5      | Found a staircase to the Ecumenical Temple.
  4297 | D:5      | Found a runed door.
  4457 | D:5      | Reached XP level 8. HP: 64/64 MP: 7/7
  4468 | D:5      | Reached skill level 12 in Axes
  4817 | D:5      | Found a runed door.
  4860 | D:5      | Found a blossoming altar of Fedhas.
  5389 | D:6      | Reached skill level 5 in Dodging
  5490 | D:6      | Found Dophucse's Book Boutique.
  6061 | D:7      | Noticed a hippogriff
  6069 | D:7      | Killed a hippogriff
  6181 | D:7      | Reached **** piety under Trog
  6301 | D:7      | Reached XP level 9. HP: 66/70 MP: 8/8
  6557 | D:7      | Found Weheuppyrgh's Food Emporium.
  6940 | D:8      | Noticed Erica
  6955 | D:8      | Killed Erica
  6955 | D:8      | Reached skill level 10 in Dodging
  7221 | D:8      | Identified the Papyrus of Shape Shifting and the Traveller
  7708 | D:8      | Found Utolet's Antique Armour Boutique.
  7859 | D:8      | Reached XP level 10. HP: 76/77 MP: 9/9
  8248 | D:9      | Found a hide-covered altar of Uskayaw.
  8380 | D:9      | Found a staircase to the Lair.
  8393 | D:9      | Reached skill level 5 in Armour
  8399 | D:9      | Killed from afar by a hell hound

Skill      XL: |  1  2  3  4  5  6  7  8  9 10 |
---------------+-------------------------------+-----
Axes           | 4 5 6 8 10 11 12 | 12.2
Dodging        | 7 11 | 11.4
Armour         | 5 |  5.0
Fighting       | |  3.6

Action                   |  1- 3 |  4- 6 |  7- 9 | 10-12 || total
-------------------------+-------+-------+-------+-------++-------
Melee: Hand axe          |    55 |    89 |   252 |    56 ||   452
       Headbutt          |    11 |    20 |    50 |    13 ||    94
Invok: Berserk           |     1 |     2 |     5 |     1 ||     9
       Brothers in Arms  |       |       |     2 |       ||     2
  Use: Potion            |     2 |       |       |       ||     2
       Scroll            |       |    13 |     1 |       ||    14
 Stab: Distracted        |       |       |     1 |       ||     1
  Eat: Chunk             |     3 |     6 |    18 |       ||    27
       Pizza             |       |     1 |       |     1 ||     2
       Royal jelly       |       |       |     2 |       ||     2
       Beef jerky        |       |       |       |     1 ||     1
Armor: Animal skin       |     7 |       |       |       ||     7
       Plate armour      |     2 |     4 |       |       ||     6
       Ring mail         |       |    24 |     2 |       ||    26
       Scale mail        |       |       |    63 |    14 ||    77
Dodge: Dodged            |    46 |    53 |   108 |    23 ||   230
